 Dungeon Crawl Stone Soup version 0.30-a0-137-gd8773701ce (webtiles) character file.

Game seed: 830978405730061592

628 jimonade the Magician (level 7, 0/45 HPs)
             Began as a Djinni Fire Elementalist on Sept 23, 2022.
             Slain by a black bear (1 damage)
             ... on level 5 of the Dungeon.
             The game lasted 00:09:34 (5115 turns).

jimonade the Magician (Djinni Fire Elementalist)    Turns: 5115, Time: 00:09:35

Health: 0/45       AC:  4    Str:  7    XL:     7   Next: 77%
Gold:   295        EV: 12    Int: 19    God:
                   SH:  0    Dex: 13

rFire   + + .      SeeInvis .    a - +0 spear (venom)
rCold   x . .      Faith    .    (no shield)
rNeg    . . .      Spirit   .    n - +2 robe {Will+}
rPois   ∞          Reflect  .    (no helmet)
rElec   .          Harm     .    (no cloak)
rCorr   .          Rampage  .    (no gloves)
Will    +....                    (boots unavailable)
Stlth   ++........               (no amulet)
HPRegen 0.15/turn                (no ring)
MPRegen 0.00/turn                (no ring)

@: flying, very slightly contaminated
A: sickness immunity, fire resistance 2, cold vulnerability 1, float, innate
caster, HP casting, extra vitality 1
a: no special abilities


You were on level 5 of the Dungeon.
You visited 1 branch of the dungeon, and saw 5 of its levels.

You collected 295 gold pieces.

Inventory:

Hand Weapons
 a - a +0 spear of venom (weapon)
 e - a +0 sling
 p - a +1 dagger of freezing
 r - a +2 trident of freezing
 s - a +0 dagger of protection
Missiles
 o - 6 javelins
Armour
 d - a +0 leather armour
 m - a +0 ring mail
 n - a +2 robe of willpower (worn)
Jewellery
 q - an amulet of faith
Wands
 c - a wand of flame (14)
 w - a wand of digging (1)
Scrolls
 b - 4 scrolls of teleportation
 f - 2 scrolls of magic mapping {unknown}
 g - 4 scrolls of identify {unknown}
 h - a scroll of enchant weapon {unknown}
 i - a scroll of poison {unknown}
 u - a scroll of blinking {unknown}
 x - a scroll of immolation {unknown}
 y - a scroll of noise {unknown}
 z - a scroll of butterflies {unknown}
Potions
 j - 2 potions of might {unknown}
 k - 2 potions of attraction {unknown}
 l - 3 potions of heal wounds {unknown}
 t - a potion of mutation {unknown}
 v - a potion of lignification {unknown}


   Skills:
 - Level 2.1 Dodging
 - Level 1.5 Stealth
 + Level 6.5 Spellcasting


You had one spell level left.
You knew the following spells:

 Your Spells              Type           Power      Damage    Failure   Level
a - Foxfire               Conj/Fire      100%       2x1d9     1%          1
b - Scorch                Fire           62%        2d8       1%          2
c - Kindle Blastsparks    Fire/Tloc/Air  62%        2d15      2%          3
d - Inner Flame           Hex/Fire       31%        N/A       2%          3
e - Flame Wave            Conj/Fire      31%        2d9       7%          4
f - Magic Dart            Conj           100%       1d8       1%          1
g - Blink                 Tloc           62%        N/A       1%          2
h - Ensorcelled Hibernat  Hex/Ice        62%        N/A       1%          2
Your spell library was empty.

Dungeon Overview and Level Annotations

Branches:
Dungeon (5/15)
 Temple: D:4-7

Altars:
Uskayaw

Shops:
D:3 *


Innate Abilities, Weirdness & Mutations

You are immune to sickness and miasma.
You are immune to poison.
Your flesh is very heat resistant. (rF++)
You are vulnerable to cold. (rC-)
You float through the air rather than walking.
You learn spells naturally, not from books.
Your magical power is your life essence.
You have superior vitality. (+4 MHP)


Message History

Found a ring mail.
Done exploring.
Done exploring.
Done exploring.
Done exploring.
Search for what [Enter for "."]? .
There is an escape hatch in the floor here.
There is a stone staircase leading down here.
You fly downwards.
Found a stone staircase leading down.
There is a stone staircase leading up here.
Casting: Foxfire (safe; 1% risk of failure)
Confirm with . or Enter, or press ? or * to list all spells.
Flames lash the ice beast.
The ice beast melts!
The ice beast is moderately wounded.
The ice beast's fire resistance burns away.
The black bear growls angrily.
Casting: Scorch (safe; 1% risk of failure)
Confirm with . or Enter, or press ? or * to list all spells.
Flames lash the ice beast.
The ice beast melts!
The ice beast is severely wounded.
Casting: Scorch (safe; 1% risk of failure)
Confirm with . or Enter, or press ? or * to list all spells.
You miscast Scorch.
You are very lightly contaminated with residual magic.
Nothing appears to happen.
The ice beast hits you. The ice beast freezes you!
You feel a terrible chill!
Casting: Scorch (safe; 1% risk of failure)
Confirm with . or Enter, or press ? or * to list all spells.
Flames lash the ice beast.
The ice beast melts!
The ice beast is almost dead.
The ice beast hits you. The ice beast freezes you!!
You feel a terrible chill!
* * * LOW HITPOINT WARNING * * *
Casting: Scorch (safe; 1% risk of failure)
Confirm with . or Enter, or press ? or * to list all spells.
Flames lash the ice beast.
The ice beast melts!
You kill the ice beast!
* * * LOW HITPOINT WARNING * * *
The black bear bites you.
You die...

.........#
.........####
............##.
...............
...............
............#.#
......h........
.>.....@....#
...######......
..#.. ... #.. .


You could see a black bear.

Vanquished Creatures
  3 ice beasts
  3 hounds
  2 orc priests (D:3)
  Jessica (D:2)
  An iguana (D:4)
  2 orc wizards (D:3)
  4 gnolls (D:2)
  7 adders
  4 dart slugs
  4 orcs (D:3)
  10 endoplasms
  A giant cockroach (D:2)
  12 goblins
  8 hobgoblins
  2 quokkas (D:1)
  8 ball pythons
  7 bats
  2 frilled lizards
  5 kobolds
  5 rats
91 creatures vanquished.

Vanquished Creatures (others)
  99 foxfires
99 creatures vanquished.

Grand Total: 190 creatures vanquished

Notes
Turn   | Place    | Note
-------+----------+-------------------------------------------
     0 | D:1      | jimonade the Djinni Fire Elementalist began the quest for
                  | the Orb.
     0 | D:1      | jimonade set off with the following spells memorised:
                  | Foxfire, Scorch, Kindle Blastsparks, Inner Flame, Flame
                  | Wave.
     0 | D:1      | Reached XP level 1. HP: 15/15 MP: 0/0
   194 | D:1      | Reached XP level 2. HP: 17/21 MP: 0/0
   615 | D:1      | Reached skill level 3 in Spellcasting
   949 | D:1      | Found a faded altar of an unknown god.
   982 | D:1      | Reached XP level 3. HP: 21/25 MP: 0/0
   982 | D:1      | Learned a level 1 spell: Magic Dart
  1854 | D:2      | Noticed Jessica
  1857 | D:2      | Found a hide-covered altar of Uskayaw.
  1863 | D:2      | Killed Jessica
  1864 | D:2      | Reached XP level 4. HP: 7/31 MP: 0/0
  2139 | D:2      | Reached skill level 4 in Spellcasting
  2139 | D:2      | Reached XP level 5. HP: 31/35 MP: 0/0
  2139 | D:2      | Learned a level 2 spell: Blink
  3290 | D:3      | Reached XP level 6. HP: 40/40 MP: 0/0
  3290 | D:3      | Found Xorai's Assorted Antiques.
  3307 | D:3      | Reached skill level 5 in Spellcasting
  3472 | D:3      | HP: 1/40 [something/puff of flame (4)]
  3488 | D:3      | HP: 2/40 [something/puff of flame (1)]
  4485 | D:4      | Reached XP level 7. HP: 41/45 MP: 0/0
  4485 | D:4      | Learned a level 2 spell: Ensorcelled Hibernation
  4550 | D:4      | Reached skill level 6 in Spellcasting
  5110 | D:5      | Entered Level 5 of the Dungeon
  5115 | D:5      | Slain by a black bear

Illustrated notes

Levels and vault maps discovered:
D:1:      onia_arrival_mini_spirals, layout_basic,
          chequers_ecumenical_altar_twisty
D:2:      layout_loops_ring, basic_altar, grunt_ministairs_7, minivault_23,
          chequers_serial_rivers_room_a, uniq_jessica
D:3:      cheibrodos_greedy_goblins, layout_basic, serial_shops,
          nicolae_shop_advertising_works [nicolae_subvault_shop_adworks],
          serial_park_tiny_pond, minmay_bisected
D:4:      layout_rooms
D:5:      layout_rooms, minmay_temple_entry_glass, minmay_curled_crystal,
          kennysheep_generic_room_14, uniq_menkaure, uniq_ijyb,
          uniq_blork_the_orc

Skill      XL: |  1  2  3  4  5  6  7 |
---------------+----------------------+-----
Spellcasting   | 3 4 5 6 |  6.5
Dodging        | |  2.1
Stealth        | |  1.5

Action                   |  1- 3 |  4- 6 |  7- 9 || total
-------------------------+-------+-------+-------++-------
Melee: Spear             |       |     1 |       ||     1
 Cast: Foxfire           |    23 |    24 |    11 ||    58
       Scorch            |    24 |    47 |    18 ||    89
       Inner Flame       |       |     3 |       ||     3
       Magic Dart        |       |     2 |       ||     2
  Use: Scroll            |       |     1 |       ||     1
Armor: Robe              |       |     4 |     3 ||     7
Dodge: Dodged            |     6 |     3 |     3 ||    12

Table legend: (Time is in decaauts)
 A = Elapsed time spent in this place.
 B = Non-inter-level travel time spent in this place.
 C = Inter-level travel time spent in this place.
 D = Time resting spent in this place.
 E = Time spent auto-exploring this place.
 F = Levels seen in this place.
 G = Mean time per level.
                   A        B        C        D        E       F      G
               +--------+--------+--------+--------+--------+-----+--------+
         Total |   5116 |   4936 |    180 |    702 |   3599 |   5 | 1023.2 |
       Dungeon |   5116 |   4936 |    180 |    702 |   3599 |   5 | 1023.2 |
               +--------+--------+--------+--------+--------+-----+--------+

Top non-repeatable levels by time:
     D:1: 1877 daAuts
     D:2: 1463 daAuts
     D:3: 1206 daAuts
     D:4: 564 daAuts
     D:5: 4 daAuts
